 Dungeon Crawl Stone Soup version 0.26-a0-710-g95a0c6c400 (webtiles) character file.

Game seed: 8323880546181854767

54 Ijustatesigmund the Charlatan (level 3, -3/25 HPs)
             Began as an Octopode Artificer on Oct 30, 2020.
             Slain by an orc wizard
             ... wielding a +0 dagger of flaming
              (5 damage)
             ... on level 3 of the Dungeon.
             The game lasted 00:04:04 (2522 turns).

Ijustatesigmund the Charlatan (Octopode Artificer)  Turns: 2522, Time: 00:04:05

Health: -3/25      AC:  1    Str: 11    XL:     3   Next: 91%
Magic:  3/3        EV: 13    Int: 13    God:
Gold:   85         SH:  0    Dex: 13    Spells: 2/2 levels left

rFire    . . .     SeeInvis .   a - +0 club
rCold    . . .     Faith    .   (no shield)
rNeg     . . .     Spirit   .   (helmet restricted)
rPois    .         Reflect  .   (no amulet)
rElec    .         Harm     .   (no ring)
rCorr    .         Rampage  .   (no ring)
MR       .....                  (no ring)
Stlth    ++........             (no ring)
HPRegen  0.08/turn              (no ring)
MPRegen  0.08/turn              (no ring)
                                (no ring)
                                (no ring)

@: confused
A: almost no armour, stealthy swim, amphibious, 8 rings, constrict 8, camouflage
1, gelatinous body 1
a: no special abilities


You were on level 3 of the Dungeon.
You visited 1 branch of the dungeon, and saw 3 of its levels.

You collected 85 gold pieces.

Inventory:

Hand Weapons
 a - a +0 club (weapon)
Missiles
 e - 3 atropa-tipped darts (quivered)
Jewellery
 l - an uncursed amulet of guardian spirit {unknown}
Wands
 b - a wand of flame (31)
 c - a wand of enslavement (13)
 d - a wand of random effects (13)
Scrolls
 f - a scroll of random uselessness {unknown}
 h - a scroll of fear
 i - 2 scrolls of teleportation
Potions
 j - a potion of flight {unknown}
 k - a potion of stabbing


   Skills:
 + Level 2.5 Fighting
 + Level 2.3 Maces & Flails
 - Level 2.3 Dodging
 - Level 1.3 Stealth
 - Level 3.2 Evocations


You had 2 spell levels left.
You didn't know any spells.
Your spell library was empty.

Dungeon Overview and Level Annotations

Branches:
Dungeon (3/15)

Altars:


Innate Abilities, Weirdness & Mutations

You cannot wear most types of armour.
You are very stealthy in the water. (Stealth+)
You are amphibious.
You can wear up to eight rings at the same time.
You can use your tentacles to constrict eight enemies at once.
Your skin changes colour to match your surroundings (Stealth+).
Your rubbery body absorbs attacks. (AC +1, EV +1)


Message History

The orc appears confused.
The orc seems less confused.
Something hits you but does no damage.
The orc hits the orc with a +0 dagger.
You hit something but do no damage.
The orc seems less confused.
Something hits you. Something burns you. Something completely misses you.
You hit something. You squeeze something. Something hits you.
Something burns you. Something completely misses you.
You are confused.
You feel invigorated. Something hits you. Something burns you.
You bump into the rock wall.
The orc is no longer blind.
Something hits you. Something burns you.
You hear some strange, mumbled words.
A puff of flame appears from out of thin air!
The puff of flame hits you!
* * * LOW HITPOINT WARNING * * *
You miss something. Something hits you.
* * * LOW HITPOINT WARNING * * *
Something burns you.
* * * LOW HITPOINT WARNING * * *
Something hits you.
You die...

###.. #############.##
#...>#+###### #.........#
#... ............#
+.........######
............#
#.........'.....
........o...#
#.........######
......).....####.........#
..........o.{............#
...[.......o######'#######
..#.......#bo{@..#.#
####.#..#.####.#.#
#.#..#.# #.#.# #.#..#.#
#...# #.####.# ##### #.
..# ## ###


You could see 2 orcs and a bat.

Vanquished Creatures
  2 adders (D:3)
  2 worms
  A leopard gecko (D:3)
  2 giant cockroaches (D:1)
  4 hobgoblins (D:1)
  5 bats
  2 frilled lizards
  5 kobolds
  2 rats (D:1)
25 creatures vanquished.

Vanquished Creatures (collateral kills)
  An adder (D:3)
1 creature vanquished.

Vanquished Creatures (others)
  A bat (D:3)
1 creature vanquished.

Grand Total: 27 creatures vanquished

Notes
Turn   | Place    | Note
-------+----------+-------------------------------------------
     0 | D:1      | Ijustatesigmund the Octopode Artificer began the quest for
                  | the Orb.
     0 | D:1      | Reached XP level 1. HP: 13/13 MP: 1/1
   225 | D:1      | Reached skill level 1 in Maces & Flails
   225 | D:1      | Reached XP level 2. HP: 9/18 MP: 2/2
  1917 | D:3      | Reached XP level 3. HP: 13/24 MP: 3/3
  2521 | D:3      | HP: 1/25 [something/puff of flame (8)]
  2522 | D:3      | Slain by an orc wizard

Illustrated notes

Levels and vault maps discovered:
D:1:      minmay_arrival_open_corners, layout_loops_corners
D:2:      layout_loops_ring
D:3:      layout_basic, nemelex_xobeh_ov_fountains_minmay

Skill      XL: |  1  2  3 |
---------------+----------+-----
Maces & Flails | 1 2 |  2.3
Fighting       | 2 |  2.5
Dodging        | |  2.3
Stealth        | |  1.3
Evocations     | |  3.2

Action                   || total
-------------------------++-------
Melee: Club              ||    66
       Constrict         ||    18
       Tentacles         ||     7
Throw: Dart              ||     3
Evoke: Wand              ||     7
  Use: Scroll            ||     6
       Potion            ||     1
 Stab: Sleeping          ||     6
Armor: Skin              ||    10
Dodge: Dodged            ||    74

Table legend: (Time is in decaauts)
 A = Elapsed time spent in this place.
 B = Non-inter-level travel time spent in this place.
 C = Inter-level travel time spent in this place.
 D = Time resting spent in this place.
 E = Time spent auto-exploring this place.
 F = Levels seen in this place.
 G = Mean time per level.
                   A        B        C        D        E       F      G
               +--------+--------+--------+--------+--------+-----+--------+
         Total |   2537 |   2467 |     70 |    710 |   1511 |   3 |  845.7 |
       Dungeon |   2537 |   2467 |     70 |    710 |   1511 |   3 |  845.7 |
               +--------+--------+--------+--------+--------+-----+--------+

Top non-repeatable levels by time:
     D:1: 1232 daAuts
     D:2: 846 daAuts
     D:3: 458 daAuts
